 Dungeon Crawl Stone Soup version 0.31-a0-564-g3b7de120b3 (webtiles) character file.

Game seed: 9602026756902258219

484 randomguy2701 the Chopper (level 7, -1/60 HPs)
             Began as a Hill Orc Fighter on Aug 17, 2023.
             Slain by a scorpion (6 damage)
             ... on level 5 of the Dungeon.
             The game lasted 00:04:05 (4111 turns).

randomguy2701 the Chopper (Hill Orc Fighter)        Turns: 4111, Time: 00:04:08

Health: -1/60      AC:  7    Str: 18 (19) XL:     7   Next: 12%
Magic:  7/7        EV:  9    Int:  6 (8)  God:
Gold:   342        SH:  4    Dex: 10 (12) Spells: 6/6 levels left

rFire   + . .        a - +0 war axe
rCold   + . .        c - +0 buckler
rNeg    . . .        b - +0 scale mail
rPois   +            (no helmet)
rElec   +            (no cloak)
rCorr   +            (no gloves)
SInv    .            (no boots)
Will    +....        t - amulet of magic regeneration Stlth
                     f - ring of willpower
HPRegen 0.30/turn    (no ring)
MPRegen 0.50/turn

%: no passive effects
@: lethally poisoned (-1 -> -18), resistant
A: no striking features
a: no special abilities


You were on level 5 of the Dungeon.
You visited 1 branch of the dungeon, and saw 5 of its levels.

You collected 342 gold pieces.

Inventory:

Hand Weapons
 a - a +0 war axe (weapon)
Missiles
 y - a throwing net
Armour
 b - a +0 scale mail (worn)
 c - a +0 buckler (worn)
Jewellery
 f - a ring of willpower (left hand)
 t - an amulet of magic regeneration (around neck)
Scrolls
 e - 2 scrolls of teleportation
 g - a scroll of enchant armour {unknown}
 j - 5 scrolls of identify
 l - 2 scrolls of immolation {unknown}
 n - a scroll of acquirement {unknown}
 o - 2 scrolls of enchant weapon {unknown}
 p - a scroll of vulnerability {unknown}
 q - a scroll of fog {unknown}
 s - 2 scrolls of amnesia {unknown}
 u - a scroll of brand weapon {unknown}
 v - a scroll of noise {unknown}
Potions
 d - 2 potions of might
 h - 4 potions of lignification
 i - a potion of ambrosia
 k - 2 potions of enlightenment
 x - a potion of heal wounds {unknown}


   Skills:
 + Level 4.8 Fighting
 + Level 6.7 Axes
 + Level 5.1 Armour
 + Level 1.0 Dodging
 + Level 4.2 Shields


You had 6 spell levels left.
You didn't know any spells.
Your spell library contained the following spells:

 Spells                   Type           Power      Damage    Failure   Level
 Kiss of Death            Conj/Necr      0%         2d5       88%         1
 Poisonous Vapours        Pois/Air       0%         N/A       95%         2
 Confusing Touch          Hex            0%         N/A       99%         3
 Mephitic Cloud           Conj/Pois/Air  0%         N/A       99%         3
 Vhi's Electric Charge    Tloc/Air       0%         N/A       99%         3
 Dispel Undead            Necr           0%         3d6       100%        4
 Arcjolt                  Conj/Air       0%         1d10      100%        5
 Freezing Cloud           Conj/Ice/Air   0%         6-21      100%        5
 Maxwell's Capacitive Co  Air            0%         ∞         100%        8


Dungeon Overview and Level Annotations

Branches:
Dungeon (5/15)
 Temple: D:4-7

Altars:
Hepliaklqana

Annotations:
D:4 2 runed translucent doors, Dittersdorf's ghost, novice GrFi


Message History

The scorpion poisons you!
You closely miss the scorpion.
You feel very sick. The scorpion closely misses you.
You hit the scorpion.
The scorpion is lightly wounded.
You feel sick. The scorpion stings you.
You are more poisoned.
The scorpion poisons you! The scorpion stings you.
You are more poisoned.
The scorpion poisons you!
You hit the scorpion but do no damage.
The scorpion is lightly wounded.
You feel very sick. The scorpion stings you.
You slash the scorpion!
The scorpion is almost dead.
You feel very sick. The scorpion stings you.
You are more poisoned.
The scorpion poisons you! The scorpion stings you.
You are more poisoned.
The scorpion poisons you!
It was a potion of magic.
Magic courses through your body.
* * * LOW HITPOINT WARNING * * *
You feel extremely sick. You block the scorpion's attack.
Unknown command.
It was a potion of resistance.
You feel protected.
* * * LOW HITPOINT WARNING * * *
You feel very sick. You block the scorpion's attack.
It was a potion of degeneration.
There was something very wrong with that liquid.
You feel weakened.
You feel dopey.
You feel clumsy.
* * * LOW HITPOINT WARNING * * *
You feel very sick. The scorpion stings you.
You die...

..# #######.......#
..# #........†....#
..# #...#.#.......##
..###..#.#.........#
..#...#.#.#...#....#
....#.#####...#....#
..#.#..##.....#....#
#####.........#....#
####....†.#.@..#
#......#.s..#
#.....##....#
#.....##....#
#.....##....#
..............
.......########


You could see a scorpion.

Vanquished Creatures
  A phantom (D:4)
  2 scorpions (D:5)
  2 hounds
  3 iguanas
  3 gnolls (D:4)
  7 adders
  A worm (D:3)
  A dart slug (D:1)
  4 orcs
  3 ball pythons
  7 endoplasms
  5 giant cockroaches
  6 goblins
  6 hobgoblins
  A jackal (D:1)
  5 kobolds
  2 quokkas
  4 bats
  2 frilled lizards (D:1)
  4 rats
69 creatures vanquished.

Notes
Turn   | Place    | Note
-------+----------+-------------------------------------------
     0 | D:1      | randomguy2701 the Hill Orc Fighter began the quest for the
                  | Orb.
     0 | D:1      | Reached XP level 1. HP: 19/19 MP: 1/1
   160 | D:1      | Reached XP level 2. HP: 27/27 MP: 2/2
   465 | D:1      | Reached skill level 3 in Axes
   584 | D:1      | Found a faded altar of an unknown god.
  1077 | D:2      | Reached XP level 3. HP: 33/33 MP: 3/3
  1673 | D:3      | Reached XP level 4. HP: 24/40 MP: 4/4
  1811 | D:3      | Reached skill level 4 in Axes
  2539 | D:4      | Reached XP level 5. HP: 45/46 MP: 5/5
  2583 | D:4      | Reached skill level 5 in Axes
  2671 | D:4      | Noticed a phantom
  2685 | D:4      | Killed a phantom
  2686 | D:4      | Reached XP level 6. HP: 31/53 MP: 6/6
  3102 | D:4      | Found a large runed translucent door.
  3102 | D:4      | Found a large runed translucent door.
  3452 | D:4      | Noticed Dittersdorf's ghost (novice GrFi)
  3683 | D:5      | Entered Level 5 of the Dungeon
  3728 | D:5      | Reached skill level 6 in Axes
  3728 | D:5      | Reached skill level 1 in Dodging
  3909 | D:5      | Found a hazy altar of Hepliaklqana.
  3926 | D:5      | Reached skill level 5 in Armour
  3926 | D:5      | Reached XP level 7. HP: 60/60 MP: 7/7
  4111 | D:5      | Slain by a scorpion

Illustrated notes

Levels and vault maps discovered:
D:1:      dpeg_arrival_boxes_within_box, layout_loops_ring,
          nicolae_ecumenical_lake_church, minmay_bisected
D:2:      layout_rooms, serial_bayou, serial_bayou_shore_b, serial_bayou_pond_d,
          serial_bayou_shore_b, serial_bayou_pond_d, serial_bayou_crossing,
          serial_bayou_pond_d, minmay_strange_pillars
D:3:      layout_loops_ring, serial_glass, glass_columns_b, glass_columns_b,
          kennysheep_generic_room_15
D:4:      layout_loops_corners, ebering_ghost_disaster_area,
          hangedman_abyss_or_decor_stabs, kennysheep_cluttered_room
D:5:      layout_basic, amcnicky_altar_gilded, mainiacjoe_overflow_alcove_1,
          jmf_multi_god_temple2, chequers_serial_rivers_marsh,
          minmay_misc_feat_square

Skill      XL: |  1  2  3  4  5  6 |
---------------+-------------------+-----
Axes           | 3 4 5 6 |  6.7
Fighting       | 4 |  4.8
Armour         | 4 5 |  5.1
Shields        | 4 |  4.2
Dodging        | 1 |  1.0

Action                     |  1- 3 |  4- 6 |  7- 9 || total
---------------------------+-------+-------+-------++-------
  Melee: War axe           |    98 |   117 |    18 ||   233
    Use: Scroll            |       |     5 |       ||     5
         Potion            |       |     1 |     3 ||     4
 Armour: Scale mail        |    55 |    46 |     5 ||   106
  Dodge: Dodged            |    35 |    60 |     4 ||    99
  Block: Buckler           |    17 |    23 |     6 ||    46

Table legend: (Time is in decaauts)
 A = Elapsed time spent in this place.
 B = Non-inter-level travel time spent in this place.
 C = Inter-level travel time spent in this place.
 D = Time resting spent in this place.
 E = Time spent auto-exploring this place.
 F = Levels seen in this place.
 G = Mean time per level.
                   A        B        C        D        E       F      G
               +--------+--------+--------+--------+--------+-----+--------+
         Total |   4201 |   3994 |    207 |      0 |   3430 |   5 |  840.2 |
       Dungeon |   4201 |   3994 |    207 |      0 |   3430 |   5 |  840.2 |
               +--------+--------+--------+--------+--------+-----+--------+

Top non-repeatable levels by time:
     D:4: 1363 daAuts
     D:1: 981 daAuts
     D:3: 847 daAuts
     D:2: 572 daAuts
     D:5: 436 daAuts
